 Dungeon Crawl Stone Soup version 0.30-a0-394-g3e4acdb0ae (webtiles) character file.

Game seed: 9403926132951953972

94 bande the Covered (level 4, -8/29 HPs)
             Began as a Gargoyle Fighter on Dec 7, 2022.
             Mangled by a gnoll
             ... wielding a +0 halberd
              (9 damage)
             ... on level 3 of the Dungeon.
             The game lasted 00:03:22 (1424 turns).

bande the Covered (Gargoyle Fighter)                Turns: 1424, Time: 00:03:22

Health: -8/29      AC: 18    Str: 18 (20) XL:     4   Next: 63%
Magic:  4/4        EV:  6    Int:  6 (8)  God:
Gold:   94         SH:  4    Dex: 10 (11) Spells: 3/3 levels left

rFire   . . .      SeeInvis .    a - +1 war axe
rCold   + . .      Faith    .    c - +0 buckler
rNeg    + . .      Spirit   .    j - +0 chain mail
rPois   ∞          Reflect  .    k - +2 helmet
rElec   +          Harm     .    (no cloak)
rCorr   .          Rampage  .    (no gloves)
Will    .....                    (no boots)
Stlth   ..........               (no amulet)
HPRegen 0.24/turn                (no ring)
MPRegen 0.09/turn                (no ring)

@: no status effects
A: sickness immunity, AC +3, negative energy resistance 1, electricity
resistance, torment resistance 1, petrification resistance, iridescent scales 1,
cold resistance 1, sense surroundings 1
a: no special abilities


You were on level 3 of the Dungeon.
You visited 1 branch of the dungeon, and saw 3 of its levels.

You collected 94 gold pieces.

Inventory:

Hand Weapons
 a - a +1 war axe (weapon)
Armour
 c - a +0 buckler (worn)
 j - a +0 chain mail (worn)
 k - a +2 helmet (worn)
Jewellery
 f - a +6 ring of intelligence
Scrolls
 i - a scroll of fear
Potions
 b - a potion of mutation
 d - a potion of might
 e - 2 potions of magic
 g - a potion of degeneration
 h - a potion of haste {unknown}
 l - a potion of flight {unknown}
 m - a potion of curing {unknown}


   Skills:
 + Level 3.8 Fighting
 + Level 3.2 Axes
 + Level 3.9 Armour
 - Level 0.1 Dodging
 + Level 3.6 Shields


You had 3 spell levels left.
You didn't know any spells.
Your spell library contained the following spells:

 Spells                   Type           Power      Damage    Failure   Level
 Magic Dart               Conj           0%         1d3       100%        1
 Searing Ray              Conj           0%         2d4       100%        2
 Gell's Gravitas          Tloc           0%         N/A       100%        3
 Teleport Other           Tloc           0%         N/A       100%        3
 Fulminant Prism          Conj/Hex       0%         3d5       100%        4
 Dispersal                Tloc           0%         N/A       100%        6


Dungeon Overview and Level Annotations

Branches:
Dungeon (3/15)

Altars:


Innate Abilities, Weirdness & Mutations

You are immune to sickness and miasma.
Your stone body is resilient. (AC +3)
You are immune to poison.
You resist negative energy. (rN+)
You are resistant to electric shocks. (rElec)
You are resistant to unholy torment.
You are immune to petrification.
You are partially covered in iridescent scales. (AC +2)
Your flesh is cold resistant. (rC+)
You passively map a small area around you.


Message History

You closely miss the gnoll.
The gnoll is lightly wounded.
You closely miss the gnoll.
The gnoll hits you but does no damage. x3
Unknown command.
You closely miss the gnoll.
The gnoll is lightly wounded.
You closely miss the gnoll.
The gnoll hits you but does no damage. x2
The gnoll closely misses you. x2; You block the gnoll's attack. x2
Unknown command.
You slash the gnoll!
You kill the gnoll!
You hit the gnoll. You block the gnoll's attack. x2
The gnoll hits you with a +0 halberd!
* * * LOW HITPOINT WARNING * * *
The gnoll hits you but does no damage.
Items here: )) ††.
Unknown command.
The gnoll attacks as you move away! The gnoll hits you but does no damage.
The gnoll barely misses you. The gnoll completely misses you.
Unknown command.
You slash the gnoll!
The gnoll is severely wounded.
The gnoll hits you from afar with a +0 halberd.
* * * LOW HITPOINT WARNING * * *
The gnoll hits you but does no damage. You block the gnoll's attack.
The gnoll barely misses you.
You hit the gnoll but do no damage.
The gnoll is severely wounded.
You block the gnoll's attack. The gnoll hits you with a +0 spear.
* * * LOW HITPOINT WARNING * * *
Unknown command.
You hit the gnoll.
The gnoll is almost dead.
The gnoll barely misses you. The gnoll hits you but does no damage.
Unknown command.
It was a potion of degeneration.
There was something very wrong with that liquid.
You feel weakened.
You feel dopey.
You feel clumsy.
The gnoll hits you from afar with a +0 halberd!
You die...

, , * ##+## ,,
##...##
##.....## *,
##.......##
**#.........#* ,
, +.........+ ,
, *#....g@...#
##....)..## *
##....g## , ,,,
##...## * *
##'## * * #.# #
###.### *, #.**
#######.....# *,
...
#.......###.###*
*


You could see 2 gnolls.

Vanquished Creatures
  2 adders
  2 gnolls (D:3)
  A worm (D:2)
  A dart slug (D:1)
  4 bats
  An endoplasm (D:2)
  7 goblins
  3 hobgoblins
  3 kobolds
  2 quokkas (D:2)
  8 ball pythons
  A frilled lizard (D:1)
  21 rats
56 creatures vanquished.

Notes
Turn   | Place    | Note
-------+----------+-------------------------------------------
     0 | D:1      | bande the Gargoyle Fighter began the quest for the Orb.
     0 | D:1      | Reached XP level 1. HP: 14/14 MP: 1/1
   170 | D:1      | Reached XP level 2. HP: 18/19 MP: 2/2
   508 | D:1      | Reached XP level 3. HP: 19/23 MP: 3/3
  1059 | D:2      | Reached XP level 4. HP: 29/29 MP: 4/4
  1349 | D:2      | Found a faded altar of an unknown god.
  1376 | D:3      | Gained mutation: You passively map a small area around you.
                  | [potion of mutation]
  1376 | D:3      | Gained mutation: You are partially covered in iridescent
                  | scales. (AC +2) [potion of mutation]
  1376 | D:3      | Gained mutation: Your flesh is cold resistant. (rC+)
                  | [potion of mutation]
  1422 | D:3      | HP: 1/29 [gnoll/+0 spear (2)]
  1424 | D:3      | Mangled by a gnoll

Illustrated notes

Levels and vault maps discovered:
D:1:      dpeg_arrival_castle, layout_rooms
D:2:      layout_loops_ring, dilly_ecumenical_altar_fadedgnrine, minmay_rat_hole
D:3:      minmay_angry_zag, layout_loops_corners, okawaru_gym_becter,
          nemelex_dance_club_becter, gammafunk_temple_overflow_statue,
          uniq_terence

Skill      XL: |  1  2  3  4 |
---------------+-------------+-----
Axes           | 2 3 |  3.2
Fighting       | |  3.8
Armour         | |  3.9
Dodging        | |  0.1
Shields        | |  3.6

Action                   |  1- 3 |  4- 6 || total
-------------------------+-------+-------++-------
Melee: War axe           |   123 |    23 ||   146
  Use: Scroll            |       |     5 ||     5
       Potion            |       |     2 ||     2
Armor: Scale mail        |    74 |       ||    74
       Chain mail        |    17 |    24 ||    41
Dodge: Dodged            |    60 |    16 ||    76
Block: Buckler           |    36 |    10 ||    46

Table legend: (Time is in decaauts)
 A = Elapsed time spent in this place.
 B = Non-inter-level travel time spent in this place.
 C = Inter-level travel time spent in this place.
 D = Time resting spent in this place.
 E = Time spent auto-exploring this place.
 F = Levels seen in this place.
 G = Mean time per level.
                   A        B        C        D        E       F      G
               +--------+--------+--------+--------+--------+-----+--------+
         Total |   1492 |   1475 |     17 |      0 |    968 |   3 |  497.3 |
       Dungeon |   1492 |   1475 |     17 |      0 |    968 |   3 |  497.3 |
               +--------+--------+--------+--------+--------+-----+--------+

Top non-repeatable levels by time:
     D:2: 769 daAuts
     D:1: 664 daAuts
     D:3: 58 daAuts
